cohdb
Replays
Latest Replays
All Replays
Popular Replays
Top Player Replays
Match Explorer
How It Works
Community
CoH3 Stats
Reddit
Sign in to upload your games and track your stats! →
Sign in with Steam
Match 40090544
Unlisted
Match 40090544
Overview
Messages
Build Orders
End
Kradschützen Motorcycle Team
Panzerpioneer Squad
Selects Panzerjäger Kommand Battlegroup
Selects Mine Fields
250 Light Carrier
Construct Light Support Kompanie
Assault Grenadier Squad
MG34 Team
2.5-tonne Medical Truck
Panzerjäger Mechanized Group
Construct Mechanized Kompanie
Support Armor Elements
Selects Tank Busters
StuG III D Assault Gun
Combat Half-tracks
Assault Grenadier Squad
MG34 Team
Vehicle Survival Package
Selects Early Warning
Selects Butterfly Bomb Drop
Pak 38 Anti-tank Gun Team
StuG III D Assault Gun
Emergency Repair Kits
Selects Crew Shock Tactics
Construct Panzerarmee Kommand
Marder III Tank Destroyer
Marder III Tank Destroyer
ParmazaanseBaas
只愛❤毛妹
0
0
Comments
sign in to comment!
No comments posted yet!